Unix NetHack Version 5.0.0-0 post-release - last build May  4 2026 22:22:43 (774f63e81ad911689b3a0859ea89b322d5daca8d,branch:main).

Game began 2026-05-08 01:53:02, ended 2026-05-09 01:17:55.

Kwijibo4686, neutral female human Valkyrie

                                ...
                                ..-                 ..{.
                                ..-@            |@....@.|
                           G    -.|       @   G +.......|
                                |.|   ----   ----.-----.|
                          -+--  |.--  |..|a---....-@ m|.|
                          ...- --..- k|..|.....a..|   |.|
                          ....%..%.|: |-a-.-----..-----.|
                          {.@  --[----|..a.a@..|........-####
                          ...   |.|...|.) a|...|.--|--..|   ### -----
                          -|--  |.|...-.-  ---- a ...         ##....|
                          |..|  |.|@_.|.+  |..|     @           |...|
                          |..|  -.|   |.|  |..|..|              -.^.|
                          ---  @..-----.----|--..--    .|       |...|
                                ....%............@.......#      |...|
                                -------------------    --####l##....|
                                     u :                ##      -----

Kwijibo4686 the Fighter     St:18/01 Dx:11 Co:16 In:9 Wi:7 Ch:9  Neutral
Dlvl:6  $:56 HP:0(53) Pw:16(16) AC:4  Xp:6 T:2818  Blind

Latest messages:
 What do you want to wield? [- s or ?*] ?
 What do you want to wield? [- s or ?*] <space>
 Never mind.
 You are now more skilled in bare handed combat.
 You miss the killer bee.
 The killer bee stings!
 The killer bee stings!
 What do you want to eat? [dlu or ?*] <space>
 Never mind.
 You miss the killer bee.
 The killer bee stings!
 The killer bee stings!
 You miss the killer bee.
 The killer bee stings!
 The killer bee's sting was poisoned!
 You feel weaker!
 You miss the killer bee.
 The killer bee misses!
 You miss the killer bee.
 The killer bee stings!
 A leprechaun suddenly appears!
 You miss the killer bee.
 The killer bee misses!
 The killer bee misses!
 You kill the killer bee!
 You hear the chime of a cash register.
 You miss the killer bee.
 The killer bee stings!
 You miss the killer bee.
 The killer bee stings!
 You miss the killer bee.
 The killer bee stings!
 The killer bee misses!
 You hit the killer bee.
 The killer bee stings!
 You miss the killer bee.
 The killer bee misses!
 The killer bee stings!
 You miss the killer bee.
 The killer bee stings!
 The killer bee stings!
 You hear water falling on coins.
 You miss the killer bee.
 The killer bee stings!
 The killer bee's sting was poisoned!
 You miss the killer bee.
 The killer bee stings!
 The killer bee's sting was poisoned!
 You die...
 Do you want your possessions identified? [ynq] (y) q

Inventory:
 Coins    ('$')
  $ - 56 gold pieces
 Armor    ('[')
  r - an uncursed +0 pair of iron shoes (being worn)
  c - a blessed +3 small shield (being worn)
 Comestibles  ('%')
  l - an uncursed slime mold
  d - 3 uncursed food rations
  u - an uncursed tripe ration
 Scrolls  ('?')
  C - a blessed scroll of confuse monster
  B - an uncursed scroll of genocide
  z - an uncursed scroll of identify
 Tools    ('(')
  m - an uncursed lock pick
  s - a +0 pick-axe
  y - a cursed towel (being worn)

Kwijibo4686 the Valkyrie's attributes:

Background:
 You were a Fighter, a level 6 human Valkyrie.
 You were neutral, on a mission for Odin
 who was opposed by Tyr (lawful) and Loki (chaotic).
 You were right-handed.
 You were in the Gnomish Mines, on level 6.
 You entered the dungeon 2818 turns ago.
 It was nighttime.
 You had 511 experience points, 129 more were needed to attain level 7.

Basics:
 You had 0 out of 53 hit points.
 You had all 16 energy points (spell power).
 Your armor class was 4.
 Your wallet contained 56 zorkmids.
 Autopickup was on for '$?!/="' plus thrown.

Final Characteristics:
 Your strength was 18/01 (peak:18/05, limit:18/100).
 Your dexterity was 11 (limit:18).
 Your constitution was 16 (limit:18).
 Your intelligence was 9 (limit:18).
 Your wisdom was 7 (peak:8, limit:18).
 Your charisma was 9 (limit:18).

Final Status:
 You were deliberately blind.
 You weren't hungry.
 You were unencumbered.
 You were bare handed.
 You had basic skill with bare handed combat.

Final Attributes:
 You were piously aligned.
 You were cold resistant.
 You were telepathic.
 You were stealthy.
 You were unlucky.
 Odin was angry with you.
 You are dead.

Miscellaneous:
 You didn't encounter any bones levels.
 Total elapsed playing time was 36 minutes and 48 seconds.

Major events:
 Turn
    1: Kwijibo4686 the neutral human Valkyrie entered the dungeon
  941: entered the Gnomish Mines
  951: attained the rank of Skirmisher (level 3)
 2356: attained the rank of Fighter (level 6)
 2367: reached Mine Town
 2818: killed by a killer bee

You didn't know any spells.

Skills:
 Fighting Skills
   bare handed combat [Basic]
   two weapon combat  [Unskilled]
   riding             [Unskilled]
 Weapon Skills
   dagger             [Basic]
   axe                [Unskilled]
   pick-axe           [Unskilled]
   short sword        [Unskilled]
   broadsword         [Unskilled]
   long sword         [Unskilled]
   two-handed sword   [Unskilled]
   saber              [Unskilled]
   hammer             [Unskilled]
   quarterstaff       [Unskilled]
   polearms           [Unskilled]
   spear              [Basic]
   trident            [Unskilled]
   lance              [Unskilled]
   sling              [Unskilled]
 Spellcasting Skills
   attack spells      [Unskilled]
   escape spells      [Unskilled]

Voluntary challenges:
 Character rerolling was not enabled.
 You never genocided any monsters.
 You never polymorphed an object.
 You never changed form.
 You used no wishes.
Achievements:
 You entered a shop.
 You entered the Gnomish Mines.
 You attained the rank of Skirmisher.
 You attained the rank of Fighter.
 You entered Minetown.
 You entered a temple.

 The Dungeons of Doom: levels 1 to 4
    Level 1:
    Level 2:
       An altar, some fountains.
    Level 3:
       An armor shop, a fountain.
       Stairs down to The Gnomish Mines.
    Level 4:
       A fountain.
 The Gnomish Mines: levels 4 to 6
    Level 4:
    Level 5:
    Level 6: <- You were here.
       Many shops, a temple and an altar, some fountains.
       Final resting place for
          you, killed by a killer bee.


Vanquished creatures:
  a rock mole
  a fog cloud
  2 shriekers
  4 gnome leaders
  3 gnomish wizards
  a paper golem
  a giant ant
  a little dog
  2 floating eyes
  4 dwarves
  a giant bat
  2 orc zombies
  a wererat
  3 killer bees
 an acid blob
  a coyote
  a large kobold
  a brown mold
 15 gnomes
  a gecko
  3 jackals
  a fox
  6 grid bugs
  5 lichens
  2 kobold zombies
  4 newts
68 creatures vanquished.

No species were genocided or became extinct.

Game over:
                       ----------
                      /          \
                     /    REST    \
                    /      IN      \
                   /     PEACE      \
                  /                  \
                  |   Kwijibo4686    |
                  |      56 Au       |
                  |   killed by a    |
                  |    killer bee    |
                  |                  |
                  |                  |
                  |       2026       |
                 *|     *  *  *      | *
        _________)/\\_//(\/(/\)/\//\/|_)_______

Farvel Kwijibo4686 the Valkyrie...

You died in The Gnomish Mines on dungeon level 6 with 2371 points,
and 56 pieces of gold, after 2818 moves.
You were level 6 with a maximum of 53 hit points when you died.

